 Dungeon Crawl Stone Soup version 0.29-a0-82-g837932c90e (webtiles) character file.

Game seed: 9409468124865198798

28 lordive the Sneak (level 2, 0/13 HPs)
             Began as a Spriggan Enchanter on Feb 5, 2022.
             Slain by a kobold (4 damage)
             ... on level 1 of the Dungeon.
             The game lasted 00:01:49 (953 turns).

lordive the Sneak (Spriggan Enchanter)               Turns: 953, Time: 00:01:50

Health: 0/13       AC:  2    Str:  4    XL:     2   Next: 96%
Magic:  1/6        EV: 17    Int: 16    God:
Gold:   10         SH:  0    Dex: 15    Spells: 4/6 levels left

rFire   . . .      SeeInvis +   e - +2 dagger (flame)
rCold   . . .      Faith    .   (no shield)
rNeg    . . .      Spirit   .   b - +0 robe
rPois   .          Reflect  .   (helmet restricted)
rElec   .          Harm     .   (no cloak)
rCorr   .          Rampage  .   (gloves unavailable)
Will    .....                   (boots unavailable)
Stlth   +++.......              (no amulet)
HPRegen 0.04/turn               (no ring)
MPRegen 0.10/turn               (no ring)

@: very quick
A: very small, no large weapons, unfitting armour, see invisible, speed 3
a: no special abilities


You were on level 1 of the Dungeon.
You visited 1 branch of the dungeon, and saw 1 of its levels.

You collected 10 gold pieces.

Inventory:

Hand Weapons
 e - a +2 dagger of flaming (weapon)
Armour
 b - a +0 robe (worn)
Scrolls
 a - a scroll of amnesia {unknown}
Potions
 c - a potion of invisibility
 d - a potion of mutation {unknown}


   Skills:
 * Level 0.2 Fighting
 * Level 1.5 Short Blades
 * Level 0.5 Armour
 * Level 2.9 Dodging
 + Level 4.7 Stealth
 + Level 2.7 Spellcasting
 * Level 4.2 Hexes


You had 4 spell levels left.
You knew the following spells:

 Your Spells              Type           Power      Damage    Failure   Level
a - Ensorcelled Hibernat  Hex/Ice        16%        N/A       12%         2

Your spell library contained the following spells:

 Spells                   Type           Power      Damage    Failure   Level
 Confusing Touch          Hex            15%        N/A       11%         3
 Tukima's Dance           Hex            15%        N/A       11%         3
 Dazzling Flash           Conj/Hex       16%        N/A       24%         3


Dungeon Overview and Level Annotations

Branches:
Dungeon (1/15)

Altars:


Innate Abilities, Weirdness & Mutations

You are very small and have problems with some larger weapons.
You are too small for most types of armour.
You have supernaturally acute eyesight. (SInv)
You cover ground extremely quickly. (Speed+++)


Message History

The kobold hits you with a +0 dagger.
The kobold resists with significant effort.
The kobold misses you.
You closely miss the kobold.
The kobold throws a stone.
The stone hits you. The kobold completely misses you. The kobold misses you.
The kobold throws a stone.
The stone misses you.
The kobold throws a stone.
The stone closely misses you.
The kobold throws a stone.
The stone misses you. The endoplasm freezes you.
You are frozen.
Your magical contamination has completely faded away.
A kobold comes into view. It is wielding a +0 club.
The helpless kobold fails to defend itself.
You impale the kobold!! You burn the kobold.
You kill the kobold!
Things that are here:
a +0 club; 5 stones; a kobold corpse You are too injured to fight recklessly!
Casting: Ensorcelled Hibernation (safe; 12% risk of failure)
Confirm with . or Enter, or press ? or * to list all spells.
Aiming: Ensorcelled Hibernation (safe; 12% risk of failure)
Press: ? - help, Shift-Dir - straight line, f/p - kobold
Aim: a kobold, wielding a +0 dagger and quivering stones (chance to affect: 59%)
The endoplasm looks drowsy...
The helpless endoplasm fails to defend itself.
You impale the endoplasm!! You burn the endoplasm.
You kill the endoplasm!
You completely miss the kobold. You hit the kobold. You burn the kobold.
You kill the kobold!
The kobold throws a stone.
The stone hits you. The kobold misses you.
Things that are here:
a +0 dagger; 2 stones; a kobold corpse You barely miss the kobold.
The kobold closely misses you.
You hit the kobold. You burn the kobold.
The kobold is heavily wounded.
The kobold hits you with a +0 short sword.
You die...

##..######## #..#
#...K.K.K.# #..#
###..#####.# #..#
#........#K# #..#
#.####.###.#.# #..# #
..#..........#.####..# .#
#.######..#..#.KK)J..# .##.#
#.######..#†.#######.#.....#
#.#.............@K......#
#.#.#####..#########.####
#.#.# #.>... ..# #.#.#
####### #### #'#'####
.......# .......#
.......########
.†............#


You could see a kobold.

Vanquished Creatures
  3 dart slugs (D:1)
  2 bats (D:1)
  3 endoplasms (D:1)
  2 hobgoblins (D:1)
  A jackal (D:1)
  3 kobolds (D:1)
  2 ball pythons (D:1)
  2 goblins (D:1)
  2 rats (D:1)
20 creatures vanquished.

Notes
Turn   | Place    | Note
-------+----------+-------------------------------------------
     0 | D:1      | lordive the Spriggan Enchanter began the quest for the Orb.
     0 | D:1      | Reached XP level 1. HP: 9/9 MP: 5/5
    89 | D:1      | Reached XP level 2. HP: 5/13 MP: 6/6
   316 | D:1      | Learned a level 2 spell: Ensorcelled Hibernation
   953 | D:1      | Slain by a kobold

Illustrated notes

Levels and vault maps discovered:
D:1:      elethiomel_arrival_shortcut, layout_basic

Skill      XL: |  1 |
---------------+----+-----
Hexes          | 4 |  4.2
Fighting       | |  0.2
Short Blades   | |  1.5
Armour         | |  0.5
Dodging        | |  2.9
Stealth        | |  4.7
Spellcasting   | |  2.7

Action                   || total
-------------------------++-------
Melee: Dagger            ||    55
       Punch             ||     2
 Cast: Ensorcelled Hiber ||    10
 Stab: Sleeping          ||    10
Armor: Robe              ||     6
Dodge: Dodged            ||    52

Table legend: (Time is in decaauts)
 A = Elapsed time spent in this place.
 B = Non-inter-level travel time spent in this place.
 C = Inter-level travel time spent in this place.
 D = Time resting spent in this place.
 E = Time spent auto-exploring this place.
 F = Levels seen in this place.
 G = Mean time per level.
                   A        B        C        D        E       F      G
               +--------+--------+--------+--------+--------+-----+--------+
         Total |    835 |    827 |      8 |     37 |    621 |   1 |  835.0 |
       Dungeon |    835 |    827 |      8 |     37 |    621 |   1 |  835.0 |
               +--------+--------+--------+--------+--------+-----+--------+

Top non-repeatable levels by time:
     D:1: 835 daAuts
